 Dungeon Crawl Stone Soup version 0.21.1-1-g345015f (webtiles) character file.

313945 grindst0ne the Severer (level 21, -19/173 (174) HPs)
             Began as a Formicid Fighter on Feb 26, 2018.
             Was a High Priest of the Shining One.
             Killed from afar by a hellephant (58 damage)
             ... with a blast of flame
             ... on level 3 of the Abyss.
             The game lasted 01:37:39 (43176 turns).

grindst0ne the Severer (Formicid Fighter)          Turns: 43176, Time: 01:37:39

HP:   -19/173 (174) AC: 39    Str: 22    XL:     21   Next: 82%
MP:   0/31          EV: 11    Int: 17    God:    the Shining One [*****.]
Gold: 1289          SH: 32    Dex: 13    Spells: 16/20 levels left

rFire    . . .     SeeInvis +   b - +1 battleaxe
rCold    + . .     Gourm    .   U - +0 large shield
rNeg     + + .     Faith    .   R - +11 crystal plate armour {rC+}
rPois    .         Spirit   +   (helmet unavailable)
rElec    .         Reflect  .   N - +0 cloak
rCorr    .         Harm     .   E - +2 pair of gloves {Dex+3}
MR       ++...                  t - +0 pair of boots
Stlth    ..........             r - amulet of guardian spirit
HPRegen  0.38/turn              Q - +5 ring of evasion
MPRegen  0.22/turn              s - ring of wizardry

@: divine shield, glowing
A: permanent stasis, dig shafts and tunnels, four strong arms, antennae 3
}: 3/15 runes: barnacled, abyssal, gossamer
a: Dig, Shaft Self, Divine Shield, Cleansing Flame, Summon Divine Warrior,
Renounce Religion


You were on level 3 of the Abyss.
You worshipped the Shining One.
The Shining One was extremely pleased with you.
You were hungry.

You visited 7 branches of the dungeon, and saw 35 of its levels.
You visited the Abyss 1 time.
You also visited: Ossuary and Ice Cave.

You collected 2967 gold pieces.
You spent 1678 gold pieces at shops.

Inventory:

Hand Weapons
 b - a +1 battleaxe (weapon)
Missiles
 X - 6 throwing nets (quivered)
Armour
 t - a +0 pair of boots (worn)
 E - a +2 pair of gloves of dexterity (worn)
 N - a +0 cloak (worn)
 R - a +11 crystal plate armour of cold resistance (worn)
 U - a +0 large shield (worn)
 Y - +0 gold dragon scales
Jewellery
 c - the ring "Nodet Leg" {rCorr Stlth+}
   (You bought it in a shop on level 15 of the Dungeon)

   [ring of resist corrosion]

   It makes you more stealthy.
 e - an uncursed amulet of magic regeneration
 q - a +5 ring of dexterity
 r - an amulet of guardian spirit (around neck)
 s - a ring of wizardry (right hand)
 v - an uncursed ring of wizardry
 H - a +4 ring of protection {unknown}
 J - an uncursed ring of flight
 M - an uncursed ring of protection from fire
 Q - a +5 ring of evasion (left hand)
 W - an uncursed ring of poison resistance
Wands
 d - a wand of paralysis (12)
 A - a wand of scattershot (3)
 C - a wand of iceblast (1)
 D - a wand of enslavement (16)
 V - a wand of digging (17)
Scrolls
 a - 5 scrolls of enchant armour
 i - 10 scrolls of enchant weapon
 j - 4 scrolls of fog
 k - 17 scrolls of remove curse
 m - 7 scrolls of fear
 u - 7 scrolls of amnesia
 y - 3 scrolls of identify
 F - a scroll of holy word
 G - 4 scrolls of magic mapping
 I - 2 scrolls of summoning
 K - a scroll of silence
Potions
 g - 7 potions of ambrosia
 l - 4 potions of curing
 n - 3 potions of flight
 o - 4 potions of heal wounds
 p - a potion of might
 w - 4 potions of magic
 x - 9 potions of brilliance
 z - 4 potions of cancellation
 B - 2 potions of agility
 O - 7 potions of mutation
Miscellaneous
 h - a phial of floods
 P - a sack of spiders
 T - a box of beasts
Comestibles
 f - 39 rations
 L - 4 chunks of flesh


   Skills:
 + Level 17.2 Fighting
 - Level 17.5 Axes
 - Level 12.0 Armour
 - Level 5.0 Dodging
 - Level 15.0 Shields
 * Level 16.9 Translocations
 + Level 13.6 Invocations
 - Level 6.0 Evocations


You had 16 spell levels left.
You knew the following spells:

 Your Spells              Type           Power        Failure   Level  Hunger
a - Passage of Golubria   Tloc           N/A          4%          4    #####..


Dungeon Overview and Level Annotations

Branches:
Dungeon (15/15)            Temple (1/1) D:4            Lair (6/6) D:8
 Shoals (4/4) Lair:3       Spider (4/4) Lair:4        Slime (0/5) Lair:5
    Orc (2/2) D:11            Elf (0/3) Orc:2        Vaults (3/5) D:14
  Crypt (0/3) Vaults:2     Depths (0/5) D:15

Altars:
Cheibriados
Dithmenos
Elyvilon
Fedhas
Gozag
Hepliaklqana
Kikubaaqudgha
Nemelex Xobeh
Okawaru
Qazlal
Ru
Sif Muna
Trog
Uskayaw
Vehumet
Wu Jian
Yredelemnul
Zin
The Shining One
Beogh

Shops:
D:4 [   D:6 :   D:13 **   D:15 *   Orc:2 (**:   Vaults:1 !


Innate Abilities, Weirdness & Mutations

You cannot be hasted, slowed, berserked, paralysed or teleported.
You can dig through walls and to a lower floor.
Your four strong arms can wield two-handed weapons with a shield.
You have a pair of large antennae on your head. (SInv)


Message History

The hellephant bites you but does no damage.
You block the hellephant's attack.
You hit the hellephant.
The hellephant is heavily wounded.
You slash the hellephant!
The hellephant is heavily wounded.
The hellephant breathes flames at you. The blast of flame hits you!
* * * LOW HITPOINT WARNING * * *
You hit the hellephant.
The hellephant is heavily wounded.
You block the hellephant's attack. The hellephant misses you.
The hellephant closely misses you.
You slash the hellephant!
The hellephant is severely wounded.
The hellephant blinks!
Your divine shield is renewed.
You feel slightly more hungry. The hellephant breathes flames at you.
The blast of flame hits you!
You die...

# ### . . .
## ...#.. ###
## .## . .§
≈8≈. ≈≈# . #
≈ ≈
≈.≈≈≈Y##{÷
.≈≈≈†. #∩###
# # ≈
.≈.≈≈≈#§..#.
# .
≈≈.≈.≈≈≈#@#
## . . .
#......#####§
.#.##
...#.#.. #
#.#. . ..##..
...## ..
....## . #.#
#. ##.. # #{
# . ## ..#
..# ...


You could see a hellephant.

Vanquished Creatures
  Bai Suzhen (Spider:4)
  Jorgrun (Shoals:4)
  Asterion (Vaults:3)
  A tentacled starspawn (Abyss:3)
  Gastronok (D:9)
  A sphinx (Vaults:2)
  Donald (Spider:3)
  Ilsuiw (Shoals:4)
  9 vault wardens
  3 ghost moths
  2 orc warlords
  8 emperor scorpions
  Louise (D:15)
  A very ugly thing (Vaults:3)
  10 entropy weavers
  3 ironheart preservers (Vaults:3)
  2 stone giants
  A dire elephant (Lair:6)
  A deep elf annihilator (Vaults:3)
  A deep elf demonologist (Vaults:1)
  3 spark wasps
  An ettin (Vaults:2)
  5 merfolk javelineers (Shoals:4)
  3 blizzard demons
  11 merfolk impalers
  3 fire dragons
  A crystal guardian (Vaults:1)
  The ghost of ximkin the Grappler, a journeyman TrMo of Wu Jian (Orc:1)
  6 yaktaur captains
  2 vault guards (Vaults:2)
  A rakshasa (Vaults:1)
  2 hydras
  4 ice dragons
  5 centaur warriors
  A merfolk avatar (Shoals:4)
  20 two-headed ogres
  2 dancing weapons (D:14)
  5 merfolk aquamancers
  8 ogre magi
  The ghost of EvilAshe the Nimble, a journeyman HaSk of Ashenzari (D:10)
  A death yak (Lair:3)
  A death knight (D:14)
  A thrashing horror (Abyss:3)
  Nergalle (Lair:1)
  4 orc high priests
  Urug (D:15)
  A deep elf knight (Vaults:1)
  10 skeletal warriors (Vaults:2)
  2 wizards (D:15)
  4 unseen horrors
  14 sea snakes
  A glowing orange brain (Vaults:1)
  A swamp dragon (shapeshifter) (D:14)
  2 deep elf archers
  5 ironbrand convokers
  A kraken simulacrum (Shoals:4)
  15 harpies
  3 phantasmal warriors (D:14)
  A necromancer (Vaults:3)
  8 orc knights
  36 wolf spiders
  6 deep elf magi
  6 orc sorcerers
  11 cyclopes
  A moth of wrath (shapeshifter) (D:13)
  2 slime creatures (D:15)
  21 manticores
  5 oklob plants
  20 orb spiders
  5 fauns
  8 ugly things
  A moth of wrath (Spider:2)
  10 merfolk sirens
  Psyche (D:8)
  9 vault sentinels
  5 black mambas
  5 elephants
  10 water nymphs
  2 centaur zombies (D:15)
  An elephant (shapeshifter) (Vaults:2)
  2 torpor snails
  11 spiny frogs
  4 smoke demons (Abyss:3)
  2 gargoyles
  2 ice statues (IceCv)
  A centaur skeleton (D:12)
  5 rime drakes
  28 yaktaurs
  2 freezing wraiths (Vaults:1)
  5 komodo dragons
  A kobold demonologist (D:14)
  14 ice devils (IceCv)
  13 demonic crawlers
  A queen bee (D:8)
  47 jumping spiders
  33 merfolk
  2 large abominations (Abyss:3)
  A meliai (shapeshifter) (Vaults:1)
  4 polar bears (Lair:6)
  9 trolls
  A polar bear (shapeshifter) (Vaults:2)
  9 wind drakes
  4 hornets
  11 blink frogs
  6 raiju (Abyss:3)
  4 dream sheep
  7 hippogriffs
  8 snapping turtles
  A meliai zombie (D:11)
  5 wraiths
  A vampire (D:9)
  Sigmund (D:3)
  26 tarantellas
  3 shadows
  43 yaks
  126 redbacks
  6 water elementals
  3 wyverns
  A hog (shapeshifter) (Vaults:1)
  2 basilisks
  A chaos spawn (Abyss:3)
  4 hungry ghosts
  A steam dragon (D:9)
  Eustachio (D:6)
  10 vampire mosquitoes
  9 wargs
  9 water moccasins
  4 acid dragons
  A two-headed ogre zombie (D:11)
  30 orc warriors
  8 porcupines
  A floating eye (shapeshifter) (Vaults:2)
  6 phantoms
  2 ice beasts
  5 black bears
  2 eyes of draining (D:14)
  2 hornet zombies
  7 boggarts
  9 sky beasts
  24 ogres
  40 wolves
  19 centaurs
  14 crocodiles
  3 big kobolds
  14 bullfrogs
  3 water moccasin zombies (Ossuary)
  A wyvern skeleton (D:12)
  A troll zombie (D:11)
  7 scorpions
  A human simulacrum (Vaults:2)
  21 killer bees
  9 wights
  An electric eel (Lair:3)
  4 howler monkeys
  8 crimson imps
  7 hounds
  4 quasits
  4 bullfrog zombies
  23 orc priests
  3 gnoll shamans (D:11)
  4 jellies
  2 bullfrog skeletons
  Jessica (D:3)
  7 iguanas
  9 worker ants
  2 lightning spires (Abyss:3)
  33 orc wizards
  A small abomination (Abyss:3)
  A killer bee zombie (D:5)
  6 ogre zombies (D:11)
  2 mummies (Ossuary)
  A worker ant zombie (D:10)
  21 gnolls
  15 adders
  5 shadow imps
  6 white imps (IceCv)
  4 ufetubi (IceCv)
  4 adder zombies (Ossuary)
  3 worms
  A dart slug (D:1)
  4 leopard geckos
  112 orcs
  11 bats
  11 giant cockroaches
  3 gnoll zombies (Ossuary)
  5 goblins
  8 hobgoblins
  4 jackals
  6 quokkas
  2 ball pythons (D:6)
  5 frilled lizards
  2 goblin skeletons (D:11)
  2 goblin zombies (D:11)
  A hobgoblin skeleton (D:11)
  7 hobgoblin zombies
  A jackal skeleton (D:7)
  9 kobolds
  6 kobold zombies (Ossuary)
  A leopard gecko skeleton (D:5)
  3 orc skeletons (D:11)
  21 orc zombies
  8 rats
  4 fungi
  3 plants
  A starspawn tentacle (Abyss:3)
  A tentacle (Shoals:4)
1524 creatures vanquished.

Vanquished Creatures (collateral kills)
  Rupert (Lair:6)
  Kirke (Lair:6)
  2 merfolk impalers
  2 hydras (Lair:6)
  A merfolk avatar (Lair:6)
  A centaur warrior (D:15)
  A dancing weapon (D:15)
  A satyr (Shoals:2)
  A deep elf knight (D:15)
  A sea snake (Shoals:2)
  2 orc knights (Orc:2)
  3 elephants (Lair:6)
  A faun (Shoals:2)
  An orc sorcerer (Orc:2)
  3 manticores
  A merfolk siren (Shoals:2)
  A spiny frog (Lair:6)
  A water nymph (Shoals:2)
  A gargoyle (D:15)
  2 komodo dragons (Lair:6)
  A rime drake (Lair:6)
  A hornet (Lair:6)
  6 merfolk
  A snapping turtle (shapeshifter) (D:15)
  A raiju (Abyss:3)
  A hippogriff (Lair:6)
  2 snapping turtles (Shoals:2)
  A water elemental (Shoals:2)
  An orc warrior (Orc:2)
  A crocodile (Lair:6)
  2 lightning spires (Abyss:3)
  3 plants
49 creatures vanquished.

Vanquished Creatures (others)
  An orb spider (Spider:4)
  A smoke demon (Abyss:3)
  A demonic crawler (Spider:3)
  2 jumping spiders (Spider:4)
  2 redbacks (Spider:4)
  A tarantella (Spider:4)
  2 humans (Lair:6)
  4 white imps (IceCv)
  3 ufetubi (IceCv)
  An orc (D:13)
  6 fungi
  9 plants
  2 starspawn tentacles (Abyss:3)
  3 tentacles (Shoals:4)
38 creatures vanquished.

Grand Total: 1611 creatures vanquished

Notes
Turn   | Place    | Note
-------+----------+-------------------------------------------
     0 | D:1      | grindst0ne the Formicid Fighter began the quest for the Orb.
     0 | D:1      | Reached XP level 1. HP: 18/18 MP: 1/1
    77 | D:1      | Reached XP level 2. HP: 22/24 MP: 2/2
   250 | D:1      | Reached XP level 3. HP: 24/30 MP: 3/3
   812 | D:2      | Found a basalt altar of Yredelemnul.
   832 | D:2      | Found a faded altar of an unknown god.
   983 | D:2      | Reached XP level 4. HP: 26/37 MP: 4/4
  1358 | D:2      | Reached XP level 5. HP: 42/42 MP: 5/5
  1455 | D:2      | Found a shadowy altar of Dithmenos.
  1711 | D:3      | Reached skill level 5 in Shields
  1818 | D:3      | Noticed Jessica
  1840 | D:3      | Killed Jessica
  1840 | D:3      | Reached XP level 6. HP: 42/50 MP: 6/6
  1970 | D:3      | Noticed Sigmund
  1981 | D:3      | Killed Sigmund
  1981 | D:3      | Reached skill level 5 in Fighting
  2027 | D:3      | Reached XP level 7. HP: 43/56 MP: 7/7
  2306 | D:4      | Found Punyram's Armour Emporium.
  2319 | D:4      | Bought a +0 pair of boots for 45 gold pieces
  2444 | D:4      | Found a staircase to the Ecumenical Temple.
  2453 | Temple   | Entered the Ecumenical Temple
  2469 | Temple   | Became a worshipper of the Shining One
  2562 | D:4      | Found a sand-covered staircase.
  2568 | Ossuary  | Entered an ossuary
  2617 | Ossuary  | Reached * piety under the Shining One
  2645 | Ossuary  | Reached skill level 5 in Axes
  2645 | Ossuary  | Reached XP level 8. HP: 62/64 MP: 8/8
  2653 | Ossuary  | Reached skill level 1 in Invocations
  2691 | Ossuary  | Reached ** piety under the Shining One
  3342 | D:4      | Found a sacrificial altar of Ru.
  3346 | D:4      | Found a white marble altar of Elyvilon.
  3402 | D:5      | Entered Level 5 of the Dungeon
  3466 | D:5      | Found an opulent altar of Gozag.
  4298 | D:6      | Reached XP level 9. HP: 70/72 MP: 11/11
  4355 | D:6      | Noticed Eustachio
  4375 | D:6      | Killed Eustachio
  4510 | D:6      | Found Cidek's Book Emporium.
  4779 | D:4      | Bought a +1 pair of gloves of dexterity for 165 gold pieces
  5010 | D:6      | Found a bloodstained altar of Trog.
  5129 | D:7      | Reached *** piety under the Shining One
  5142 | D:7      | Reached skill level 5 in Invocations
  5179 | D:7      | Found a snail-covered altar of Cheibriados.
  5427 | D:7      | Found a deep blue altar of Sif Muna.
  5786 | D:8      | Reached XP level 10. HP: 28/81 MP: 14/14
  6292 | D:8      | Reached **** piety under the Shining One
  6344 | D:8      | Found a staircase to the Lair.
  6435 | D:8      | Noticed a two-headed ogre
  6457 | D:8      | Killed a two-headed ogre
  6457 | D:8      | Reached skill level 10 in Shields
  6920 | D:8      | Noticed Psyche
  6925 | D:8      | Killed Psyche
  6925 | D:8      | Reached XP level 11. HP: 35/89 MP: 16/16
  7444 | D:9      | Found a hide-covered altar of Uskayaw.
  7476 | D:9      | Noticed Gastronok
  7495 | D:9      | Killed Gastronok
  7495 | D:9      | Reached skill level 10 in Fighting
  7955 | D:9      | Noticed a manticore
  7973 | D:9      | Killed a manticore
  8264 | D:9      | Noticed a two-headed ogre
  8268 | D:9      | Killed a two-headed ogre
  8623 | D:10     | Entered Level 10 of the Dungeon
  8662 | D:10     | Noticed a two-headed ogre
  8673 | D:10     | Killed a two-headed ogre
  8673 | D:10     | Reached XP level 12. HP: 26/99 MP: 18/18
  8855 | D:10     | Noticed EvilAshe's ghost (journeyman HaSk)
  8855 | D:10     | Reached ***** piety under the Shining One
  8914 | D:10     | Killed EvilAshe's ghost
  8914 | D:10     | Reached skill level 10 in Axes
  9352 | D:10     | Noticed a two-headed ogre
  9364 | D:10     | Killed a two-headed ogre
 10122 | Lair:1   | Entered Level 1 of the Lair of Beasts
 10128 | Lair:1   | Noticed Nergalle
 10142 | Lair:1   | Killed Nergalle
 12414 | Lair:2   | Reached XP level 13. HP: 99/108 MP: 19/19
 13460 | Lair:3   | Reached skill level 1 in Evocations
 14362 | Lair:3   | Found a staircase to the Shoals.
 15103 | Lair:4   | Found a hole to the Spider Nest.
 16268 | Lair:5   | Found a staircase to the Slime Pits.
 16551 | Lair:5   | Reached skill level 5 in Evocations
 16551 | Lair:5   | Reached XP level 14. HP: 100/118 MP: 18/20
 17113 | Lair:6   | Entered Level 6 of the Lair of Beasts
 17202 | Lair:6   | Noticed a dire elephant
 17220 | Lair:6   | Killed a dire elephant
 17319 | Lair:6   | Reached skill level 15 in Shields
 17336 | Lair:6   | Noticed Kirke
 17346 | Lair:6   | Killed Kirke
 17384 | Lair:6   | Found the +7 Kryia's mail coat {PotionHeal*2 rC+}
 17385 | Lair:6   | Noticed Rupert
 17392 | Lair:6   | Killed Rupert
 18354 | D:11     | Found a staircase to the Orcish Mines.
 18501 | D:11     | Reached ****** piety under the Shining One
 19621 | D:12     | Reached skill level 1 in Dodging
 19794 | D:12     | Reached XP level 15. HP: 127/127 MP: 21/21
 19922 | D:12     | Reached skill level 5 in Armour
 20159 | D:12     | Found a runed door.
 20505 | D:12     | Found a roughly hewn altar of Beogh.
 20704 | D:13     | Reached skill level 15 in Fighting
 20845 | D:13     | Found Sumienn's General Store.
 20865 | D:13     | Bought 2 potions of heal wounds for 180 gold pieces
 20865 | D:13     | Bought a scroll of identify for 36 gold pieces
 20948 | D:13     | Found Oskewnu's Demolitions Depot.
 22262 | D:14     | Found a gate to the Vaults.
 22707 | D:15     | Entered Level 15 of the Dungeon
 22736 | D:15     | Found Qafaast's Assorted Antiques.
 22751 | D:15     | Bought an ancient pewter ring for 140 gold pieces
 22800 | D:15     | Identified the ring "Nodet Leg" {rCorr Stlth+} (You bought it in a shop on level 15 of the Dungeon)
 22827 | D:15     | Found a staircase to the Depths.
 22847 | D:15     | Reached XP level 16. HP: 111/136 MP: 22/22
 22901 | D:15     | Reached skill level 5 in Dodging
 23191 | D:15     | Noticed Urug
 23217 | D:15     | Killed Urug
 23230 | D:15     | Reached skill level 10 in Armour
 23359 | D:15     | Noticed Louise
 23384 | D:15     | Killed Louise
 23431 | D:15     | Found a shadowy altar of Dithmenos.
 23796 | Orc:1    | Entered Level 1 of the Orcish Mines
 23953 | Orc:1    | Noticed ximkin's ghost (journeyman TrMo)
 23989 | Orc:1    | Killed ximkin's ghost
 24365 | Orc:2    | Entered Level 2 of the Orcish Mines
 24402 | Orc:2    | Found an iron altar of Okawaru.
 24568 | Orc:2    | Found a staircase to the Elven Halls.
 24609 | Orc:2    | Found Vuast's Book Shoppe.
 24979 | Orc:2    | Found Nesch's Assorted Antiques.
 24983 | Orc:2    | Found Mecoxt's Assorted Antiques.
 24987 | Orc:2    | Found Duasemen's Antique Weapon Shoppe.
 25012 | Orc:2    | Bought a brown potion for 22 gold pieces
 25012 | Orc:2    | Bought a scroll of identify for 50 gold pieces
 25028 | Orc:2    | Bought a book of Spatial Translocations for 1040 gold pieces
 25034 | Orc:2    | Learned a level 4 spell: Passage of Golubria
 25236 | Orc:2    | Reached skill level 15 in Axes
 25236 | Orc:2    | Reached skill level 1 in Translocations
 25677 | Spider:1 | Entered Level 1 of the Spider Nest
 26204 | Spider:1 | Reached XP level 17. HP: 99/142 MP: 23/23
 26250 | Spider:1 | Reached skill level 5 in Translocations
 26523 | Spider:1 | Found a roughly hewn altar of Beogh.
 28966 | Spider:3 | Found a frozen archway.
 28974 | IceCv    | Entered an ice cave
 29401 | IceCv    | Reached XP level 18. HP: 149/149 MP: 24/24
 29785 | Spider:3 | Reached skill level 10 in Translocations
 30511 | Spider:4 | Entered Level 4 of the Spider Nest
 30695 | Spider:4 | Noticed Donald
 30730 | Spider:3 | Killed Donald
 31758 | Spider:4 | Noticed Bai Suzhen
 31796 | Spider:4 | Killed Bai Suzhen
 32392 | Spider:4 | Got a gossamer rune of Zot
 32764 | Shoals:1 | Entered Level 1 of the Shoals
 32775 | Shoals:1 | Reached XP level 19. HP: 155/155 MP: 25/25
 34010 | Shoals:2 | Identified a scroll of acquirement
 34141 | Shoals:2 | Found a runed door.
 35586 | Shoals:4 | Entered Level 4 of the Shoals
 35984 | Shoals:4 | Reached skill level 10 in Invocations
 36260 | Shoals:4 | Noticed Ilsuiw
 36302 | Shoals:4 | Killed Ilsuiw
 36906 | Shoals:4 | Reached XP level 20. HP: 113/163 MP: 18/27
 36966 | Shoals:4 | Noticed Jorgrun
 36988 | Shoals:4 | Killed Jorgrun
 37423 | Shoals:4 | Got a barnacled rune of Zot
 38643 | Vaults:1 | Entered Level 1 of the Vaults
 39257 | Vaults:1 | Reached skill level 15 in Translocations
 39373 | Vaults:1 | Noticed a Tzitzimitl
 40120 | Vaults:1 | Found Bekes's Distillery.
 41227 | Vaults:2 | Reached XP level 21. HP: 129/171 MP: 22/30
 42263 | Vaults:2 | Found a staircase to the Crypt.
 42263 | Vaults:2 | Found an ancient bone altar of Kikubaaqudgha.
 42263 | Vaults:2 | Found a basalt altar of Yredelemnul.
 42541 | Vaults:3 | Noticed Asterion
 42556 | Vaults:3 | Killed Asterion
 42949 | Vaults:3 | Cast into level 3 of the Abyss (a deep elf sorcerer)
 43030 | Abyss:3  | Got an abyssal rune of Zot
 43176 | Abyss:3  | Killed from afar by a hellephant

Skill      XL: |  1  2  3  4  5  6  7  8  9 10 11 12 13 14 15 16 17 18 19 20 21 |
---------------+----------------------------------------------------------------+-----
Shields        | 4 5 6 7 9 10 11 13 14 15 | 15.0
Fighting       | 4 5 6 7 8 9 10 12 13 14 15 16 17 | 17.2
Axes           | 3 4 5 6 7 8 9 11 12 13 14 15 16 17 | 17.5
Invocations    | 3 5 7 9 10 12 13 | 13.6
Evocations     | 5 6 |  6.0
Armour         | 4 9 12 | 12.0
Dodging        | 1 4 5 |  5.0
Translocations | 4 9 12 14 15 16 | 16.9

Action                   |  1- 3 |  4- 6 |  7- 9 | 10-12 | 13-15 | 16-18 | 19-21 || total
-------------------------+-------+-------+-------+-------+-------+-------+-------++-------
Melee: War axe           |   105 |    96 |   318 |       |       |       |       ||   519
       Battleaxe         |       |       |   102 |   561 |  1164 |  1839 |  1692 ||  5358
       Triple sword      |       |       |       |       |       |    10 |       ||    10
Invok: Divine Shield     |       |       |       |     3 |    11 |    18 |    19 ||    51
       Cleansing Flame   |       |       |       |       |     2 |     4 |    21 ||    27
       Summon Divine War |       |       |       |       |     1 |     2 |     4 ||     7
 Abil: Dig               |       |       |     1 |    19 |    16 |    57 |    22 ||   115
Evoke: Wand              |       |       |       |     1 |     9 |     7 |    15 ||    32
  Use: Scroll            |       |       |    14 |     3 |    12 |    13 |     6 ||    48
       Potion            |       |       |       |     7 |     5 |     5 |     7 ||    24
  Eat: Chunk             |       |     4 |     9 |    19 |    33 |    26 |    26 ||   117
       Ration            |       |       |     1 |     3 |     2 |     6 |     5 ||    17
Armor: Scale mail        |    47 |    16 |       |       |       |       |       ||    63
       Plate armour      |       |    28 |   248 |   106 |   104 |   393 |       ||   879
       Chain mail        |       |       |       |   136 |   184 |       |       ||   320
       Crystal plate arm |       |       |       |       |       |   434 |   836 ||  1270
Dodge: Dodged            |    36 |    33 |   109 |   126 |   339 |   636 |   431 ||  1710
Block: Shield            |    56 |    59 |   234 |   391 |   570 |       |       ||  1310
       Large shield      |       |       |       |       |   523 |  2455 |  1990 ||  4968
       Rpst.: Triple sword |       |       |       |       |       |     2 |       ||     2
